 Dungeon Crawl Stone Soup version 0.24-a0-218-ga595e75 (webtiles) character file.

Game seed: 5045522513329102306

51 Azzok the Firebug (level 3, -1/21 HPs)
             Began as an Octopode Fire Elementalist on Mar 30, 2019.
             Hit by a stone thrown by a hobgoblin (5 damage)
             ... led by Robin
             ... on level 2 of the Dungeon.
             The game lasted 00:01:43 (1503 turns).

Azzok the Firebug (Octopode Fire Elementalist)      Turns: 1503, Time: 00:01:44

Health: -1/21      AC:  1    Str:  7    XL:     3   Next: 83%
Magic:  0/7        EV: 13    Int: 18    God:
Gold:   58         SH:  0    Dex: 12    Spells: 6/7 levels left

rFire    . . .     SeeInvis .   (no weapon)
rCold    . . .     Gourm    .   (no shield)
rNeg     . . .     Faith    .   (helmet restricted)
rPois    .         Spirit   .   (no amulet)
rElec    .         Reflect  .   (no ring)
rCorr    .         Harm     .   (no ring)
MR       .....                  (no ring)
Stlth    +++.......             (no ring)
HPRegen  0.07/turn              (no ring)
MPRegen  0.10/turn              (no ring)
                                (no ring)
                                (no ring)

@: very slightly contaminated
A: almost no armour, stealthy swim, amphibious, 8 rings, constrict 8, camouflage
1, gelatinous body 1
a: no special abilities


You were on level 2 of the Dungeon.
You were very hungry.

You visited 1 branch of the dungeon, and saw 2 of its levels.

You collected 58 gold pieces.

Inventory:

Scrolls
 a - a scroll of identify {unknown}
Potions
 c - a potion of magic {unknown}
 d - a potion of invisibility {unknown}
Comestibles
 b - 3 rations


   Skills:
 - Level 2.0 Dodging
 - Level 2.6 Stealth
 + Level 2.6 Spellcasting
 + Level 2.1 Conjurations
 + Level 3.6 Fire Magic


You had 6 spell levels left.
You knew the following spells:

 Your Spells              Type           Power        Failure   Level  Hunger
a - Flame Tongue          Conj/Fire      ##...        5%          1    #......

Your spell library contained the following spells:

 Spells                   Type           Power        Failure   Level  Hunger
 Throw Flame              Conj/Fire      ##....       8%          2    ##.....
 Conjure Flame            Conj/Fire      ##......     16%         3    ###....
 Inner Flame              Hex/Fire       #.......     24%         3    ###....
 Sticky Flame             Conj/Fire      ##......     45%         4    #####..
 Fireball                 Conj/Fire      ##........   82%         5    ######.


Dungeon Overview and Level Annotations

Branches:
Dungeon (2/15)

Altars:


Innate Abilities, Weirdness & Mutations

You cannot wear most types of armour.
You are very stealthy in the water. (Stealth+)
You are amphibious.
You can wear up to eight rings at the same time.
You can use your tentacles to constrict eight enemies at once.
Your skin changes colour to match your surroundings (Stealth+).
Your rubbery body absorbs attacks. (AC +1, EV +1)


Message History

The flame tongue hits Robin.
You kill Robin!
* * * LOW MAGIC WARNING * * *
The hobgoblin throws a stone.
The stone misses you. The hobgoblin hits you.
Things that are here:
a +0 club; a +0 animal skin; a +0 helmet
Casting: Flame Tongue (safe; 5% risk of failure)
Confirm with . or Enter, or press ? or * to list all spells.
You don't have enough magic to cast that spell.
You barely miss the hobgoblin. You grab the hobgoblin.
You constrict the hobgoblin, but do no damage.
The hobgoblin no longer looks unusually strong.
The hobgoblin hits you.
You tentacle-slap the hobgoblin but do no damage.
You constrict the hobgoblin. The hobgoblin hits you.
* * * LOW HITPOINT WARNING * * *
You release your grip on the hobgoblin.
The hobgoblin throws a stone.
The stone hits you.
You die...

▒▒·····▒▒ ▒▒··(▒▒
▒▒▒·▒ ▒(▒ ▒·▒ ▒)▒
▒· ▒g▒ ▒· ▒)▒
▒·▒▒▒▒▒▒▒▒@▒
▒···········▒·▒
▒▒▒▒·▒▒▒·▒▒▒▒▒·▒·▒
·········▒▒▒▒▒)▒·▒
··▒··▒▒(·▒▒·····(▒
············▒▒·▒▒▒
▒ ▒······▒▒▒▒▒[▒
▒·▒·▒▒·········▒
···<▒▒)··▒▒▒▒▒▒▒


You could see a hobgoblin.

Vanquished Creatures
  Robin (D:2)
  An ooze (D:1)
  A dart slug (D:2)
  11 goblins
  4 hobgoblins
  4 jackals (D:1)
  4 bats
  A frilled lizard (D:1)
  3 kobolds (D:1)
  A rat (D:1)
31 creatures vanquished.

Notes
Turn   | Place    | Note
-------+----------+-------------------------------------------
     0 | D:1      | Azzok the Octopode Fire Elementalist began the quest for
                  | the Orb.
     0 | D:1      | Reached XP level 1. HP: 11/11 MP: 3/3
   100 | D:1      | Reached XP level 2. HP: 17/17 MP: 5/5
  1133 | D:2      | Reached XP level 3. HP: 21/21 MP: 2/6
  1162 | D:2      | Noticed Robin
  1499 | D:2      | Killed Robin
  1503 | D:2      | Hit by a stone thrown by a hobgoblin

Levels and vault maps discovered:
D:1:      matt_arrival_debris, layout_basic
D:2:      layout_loops_cross, first_ration, uniq_robin

Skill      XL: |  1  2  3 |
---------------+----------+-----
Conjurations   | 2 |  2.1
Dodging        | |  2.0
Stealth        | |  2.6
Spellcasting   | |  2.6
Fire Magic     | |  3.6

Action                   || total
-------------------------++-------
Melee: Unarmed           ||    34
       Constrict         ||     9
       Tentacles         ||     2
 Cast: Flame Tongue      ||    40
  Eat: Chunk             ||     1
Armor: Skin              ||     8
Dodge: Dodged            ||    24

Table legend:
 A = Non-vault XP
 B = Vault XP
 C = Vault XP percentage of total XP
 D = Non-vault monster count
 E = Vault monster count
 F = Vault count percentage of total count
                 A         B        C        D         E       F
            +---------+---------+-------+---------+---------+-------
      Total |      39 |      35 |  47.3 |      19 |      12 |  38.7
            +---------+---------+-------+---------+---------+-------
        D:1 |      32 |       0 |   0.0 |      16 |       0 |   0.0
        D:2 |       7 |      35 |  83.3 |       3 |      12 |  80.0
            +---------+---------+-------+---------+---------+-------
